 Dungeon Crawl Stone Soup version 0.24-a0-309-g1095bca (webtiles) character file.

Game seed: 17611881732670033538

563 galech the Chopper (level 7, -6/55 HPs)
             Began as a Demonspawn Fighter on May 14, 2019.
             Mangled by an ogre
             ... wielding a +0 giant spiked club
              (8 damage)
             ... on level 4 of the Dungeon.
             The game lasted 00:04:13 (3729 turns).

galech the Chopper (Demonspawn Fighter)             Turns: 3729, Time: 00:04:13

Health: -6/55      AC: 14    Str: 17    XL:     7   Next: 10%
Magic:  7/7        EV:  3    Int:  9    God:
Gold:   107        SH:  9    Dex: 14    Spells: 6/6 levels left

rFire    . . .     SeeInvis .   a - +0 war axe
rCold    . . .     Gourm    .   c - +0 shield
rNeg     . . .     Faith    .   k - +0 plate armour
rPois    .         Spirit   .   p - +0 helmet
rElec    .         Reflect  .   (no cloak)
rCorr    .         Harm     .   (no gloves)
MR       .....                  (no boots)
Stlth    ..........             (no amulet)
HPRegen  0.18/turn              (no ring)
MPRegen  0.10/turn              (no ring)

@: no status effects
A: talons 1, thin metallic scales 1, powered by pain 1, rot immunity
a: no special abilities


You were on level 4 of the Dungeon.
You were not hungry.

You visited 1 branch of the dungeon, and saw 4 of its levels.

You collected 107 gold pieces.

Inventory:

Hand Weapons
 a - a +0 war axe (weapon)
Armour
 c - a +0 shield (worn)
 k - a +0 plate armour (worn)
 p - a +0 helmet (worn)
Wands
 h - a wand of flame (26)
 s - a wand of paralysis (13)
Scrolls
 b - a scroll of magic mapping
 e - 4 scrolls of teleportation
 l - a scroll of noise
 m - a scroll of enchant weapon
 n - 2 scrolls of remove curse
 w - a scroll of immolation {unknown}
Potions
 d - a potion of might
 g - 4 potions of curing
 i - a potion of resistance {unknown}
 j - a potion of heal wounds
 o - a potion of ambrosia {unknown}
 q - a potion of degeneration {unknown}
 r - a potion of berserk rage {unknown}
 t - a potion of mutation {unknown}
 u - a potion of haste {unknown}
Comestibles
 f - 6 rations
 v - 3 chunks of flesh


   Skills:
 + Level 4.3 Fighting
 + Level 4.8 Axes
 + Level 3.9 Armour
 + Level 1.0 Dodging
 + Level 3.9 Shields


You had 6 spell levels left.
You didn't know any spells.
Your spell library was empty.

Dungeon Overview and Level Annotations

Branches:
Dungeon (4/15)
 Temple: D:4-7

Altars:
Dithmenos
Sif Muna

Annotations:
D:4 2 runed translucent doors


Innate Abilities, Weirdness & Mutations

You have sharp toenails.
You are partially covered in thin metallic scales. (AC +2)
You sometimes gain a little power by taking damage.
You are immune to rotting.


Message History

You are too injured to fight recklessly!
You are too injured to fight recklessly!
You are too injured to fight recklessly!
You are too injured to fight recklessly!
You are too injured to fight recklessly!
You are too injured to fight recklessly!
You are too injured to fight recklessly!
You are too injured to fight recklessly!
You are too injured to fight recklessly!
You are too injured to fight recklessly!
You are too injured to fight recklessly!
Your shield and plate armour prevent you from hitting the ogre.
You claw the ogre.
The ogre is heavily wounded.
The ogre hits you with a +0 giant spiked club!!
* * * LOW HITPOINT WARNING * * *
You hit the ogre. You claw the ogre, but do no damage.
The ogre is severely wounded.
The ogre hits you with a +0 giant spiked club!
You die...

#..........
#.......... ####
##.......... ####..#
#...........
#.....###...........
#....##............
#................
##...##.........
#@.###.........
#.O### #.........
....# #........
.....# #........
..... ....... ....
... ...


You could see an ogre.

Vanquished Creatures
  An ogre (D:4)
  3 orc priests
  A hound (D:4)
  A gnoll shaman (D:3)
  Ijyb (D:4)
  An iguana (D:4)
  Robin (D:2)
  5 gnolls
  9 adders
  An ooze (D:2)
  An adder skeleton (D:4)
  5 dart slugs
  4 leopard geckos
  10 orcs
  2 giant cockroaches
  21 goblins
  11 hobgoblins
  5 jackals
  6 kobolds
  3 quokkas
  A ball python (D:4)
  10 bats
  7 frilled lizards
  A jackal skeleton (D:4)
  10 rats
121 creatures vanquished.

Notes
Turn   | Place    | Note
-------+----------+-------------------------------------------
     0 | D:1      | galech the Demonspawn Fighter began the quest for the Orb.
     0 | D:1      | Reached XP level 1. HP: 18/18 MP: 1/1
   141 | D:1      | Gained mutation: You are immune to rotting. [demonic
                  | ancestry]
   141 | D:1      | Reached XP level 2. HP: 21/24 MP: 2/2
   866 | D:2      | Gained mutation: You have sharp toenails. [demonic
                  | ancestry]
   866 | D:2      | Reached XP level 3. HP: 25/29 MP: 3/3
  1009 | D:2      | Noticed Robin
  1015 | D:2      | Killed Robin
  1019 | D:2      | Reached XP level 4. HP: 28/35 MP: 4/4
  1668 | D:3      | Reached XP level 5. HP: 37/41 MP: 5/5
  1974 | D:3      | Found a deep blue altar of Sif Muna.
  2582 | D:3      | Gained mutation: You are partially covered in thin metallic
                  | scales. (AC +2) [demonic ancestry]
  2582 | D:3      | Reached XP level 6. HP: 38/48 MP: 6/6
  2651 | D:3      | Reached skill level 1 in Dodging
  3088 | D:4      | Found a runed translucent gate.
  3089 | D:4      | Found a runed translucent gate.
  3263 | D:4      | Found a shadowy altar of Dithmenos.
  3435 | D:4      | Gained mutation: You sometimes gain a little power by
                  | taking damage. [demonic ancestry]
  3435 | D:4      | Reached XP level 7. HP: 20/55 MP: 7/7
  3678 | D:4      | Noticed Ijyb
  3690 | D:4      | Killed Ijyb
  3728 | D:4      | HP: 2/55 [ogre/+0 giant spiked club (24)]
  3729 | D:4      | Mangled by an ogre

Levels and vault maps discovered:
D:1:      lightli_arrival_windingriver, layout_basic
D:2:      minmay_skewed_foursquare, layout_loops_ring, uniq_robin
D:3:      layout_loops_ring, lemuel_doored_altar
D:4:      layout_cave_pods, marbit_many_paths, gammafunk_ghost_necromancy,
          first_ration, uniq_ijyb

Skill      XL: |  1  2  3  4  5  6 |
---------------+-------------------+-----
Armour         | 3 |  3.9
Axes           | 2 3 4 |  4.8
Shields        | 3 |  3.9
Fighting       | 4 |  4.3
Dodging        | 1 |  1.0

Action                   |  1- 3 |  4- 6 |  7- 9 || total
-------------------------+-------+-------+-------++-------
Melee: War axe           |   108 |   268 |    15 ||   391
       Kick              |     5 |    67 |     9 ||    81
  Use: Scroll            |     4 |     4 |       ||     8
  Eat: Chunk             |     1 |     8 |     1 ||    10
Armor: Scale mail        |    39 |       |       ||    39
       Plate armour      |    57 |   197 |     6 ||   260
Dodge: Dodged            |    28 |    22 |     1 ||    51
Block: Shield            |    60 |   173 |     7 ||   240

Table legend:
 A = Non-vault XP
 B = Vault XP
 C = Vault XP percentage of total XP
 D = Non-vault monster count
 E = Vault monster count
 F = Vault count percentage of total count
                 A         B        C        D         E       F
            +---------+---------+-------+---------+---------+-------
      Total |     711 |      94 |  11.7 |     101 |      20 |  16.5
            +---------+---------+-------+---------+---------+-------
        D:1 |      35 |       0 |   0.0 |      18 |       0 |   0.0
        D:2 |     103 |      56 |  35.2 |      29 |      19 |  39.6
        D:3 |     270 |       0 |   0.0 |      38 |       0 |   0.0
        D:4 |     303 |      38 |  11.1 |      16 |       1 |   5.9
            +---------+---------+-------+---------+---------+-------
